AoeStats
← Port Moresby

Fortress

509534743Analyzed
4v4 RM · 4d ago on Sep 27, 2026· 44m 48s· 8 players
Game mode
Random Map
Map size
Huge
Population
200
Speed
Normal
Resources
Standard
Victory
Conquest
Starting age
Dark Age
Ending age
Imperial Age
RankedLock teamsTeams togetherTeam positionsShared explorationLock speedFull tech treeHidden civsTurbo modeCheats
Victory
Defeat
🇳🇿 Romans · New Zealand
1210
+12
🇯🇵 Franks · Japan
1144
+15
🇲🇽 Celts · Mexico
1132
+15
🇳🇿 Tatars · New Zealand
1106
+16
🇧🇷 Khmer · Brazil
1161
-16
🇯🇵 Persians · Japan
1147
-16
🇵🇪 Bohemians · Peru
1087
-13
🇬🇹 Byzantines · Guatemala
1081
-13
Port Moresby
8:19 Feudal Age
9:46 Wheelbarrow
12:10 Castle Age
10:55 Double-Bit Axe
11:28 Forging
13:30 Bow Saw
13:44 Scale Mail Armor
17:52 Loom
17:54 Town Watch
21:08 Hand Cart
21:52 Gold Mining
28:11 Imperial Age
25:57 Squires
27:01 Gold Shaft Mining
27:17 Iron Casting
26:49 Pikeman
27:47 Chain Mail Armor
28:40 Stone Mining
30:02 Chemistry
29:35 Conscription
30:39 Blast Furnace
30:10 Plate Mail Armor
38:38 Husbandry
44:45 Blast Furnace
44:15 Plate Mail Armor
Ux'RaulitoMD
8:57 Feudal Age
9:46 Loom
12:31 Castle Age
10:25 Double-Bit Axe
10:38 Horse Collar
11:03 Fletching
12:17 Wheelbarrow
12:44 Town Watch
13:35 Scale Barding Armor
13:41 Forging
18:32 Bow Saw
23:31 Fortified Wall
26:50 Imperial Age
25:42 Murder Holes
26:13 Stronghold
26:41 Bodkin Arrow
26:47 Scale Mail Armor
28:47 Chain Mail Armor
29:08 Iron Casting
29:47 Hand Cart
29:39 Pikeman
30:05 Arson
31:13 Ballistics
31:54 Chemistry
31:05 Masonry
31:25 Halberdier
32:19 Capped Ram
33:38 Conscription
33:28 Gambesons
33:04 Man-at-Arms
34:37 Plate Mail Armor
35:07 Blast Furnace
34:09 Padded Archer Armor
34:13 Guard Tower
34:58 Long Swordsman
35:35 Two-Handed Swordsman
35:46 Two-Handed Swordsman
37:30 Champion
41:20 Gold Mining
41:20 Stone Mining
41:51 Leather Archer Armor
41:57 Chain Barding Armor
42:41 Furor Celtica
[OTM]thebearjew
5:00 Loom
7:54 Feudal Age
9:10 Wheelbarrow
9:13 Double-Bit Axe
13:22 Castle Age
11:06 Horse Collar
11:49 Scale Mail Armor
13:49 Man-at-Arms
14:49 Long Swordsman
15:35 Heavy Plow
17:51 Squires
20:32 Chain Mail Armor
20:42 Bow Saw
21:44 Pikeman
28:55 Imperial Age
26:41 Hand Cart
28:24 Forging
28:05 Fletching
28:54 Gold Mining
28:55 Stone Mining
30:00 Ballistics
30:02 Halberdier
31:31 Siege Engineers
32:32 Heavy Scorpion
34:49 Legionary
36:06 Iron Casting
37:17 Conscription
41:17 Capped Ram
43:11 Blast Furnace
42:07 Bodkin Arrow
42:40 Comitatenses
42:33 Ballistas
42:52 Comitatenses
43:39 Chemistry
42:35 Murder Holes
42:51 Masonry
42:53 Fortified Wall
MarshalOfNewZealand
0:30 Loom
8:11 Feudal Age
8:50 Horse Collar
8:59 Double-Bit Axe
14:09 Castle Age
15:50 Wheelbarrow
15:16 Gold Mining
15:29 Heavy Plow
16:20 Bow Saw
16:47 Hand Cart
19:36 Fletching
21:08 Gold Shaft Mining
20:51 Bodkin Arrow
21:17 Padded Archer Armor
21:41 Bloodlines
22:10 Husbandry
25:09 Leather Archer Armor
28:36 Imperial Age
27:47 Ballistics
28:24 Silk Armor
28:37 Heavy Cavalry Archer
29:56 Ring Archer Armor
30:32 Chemistry
30:20 Conscription
30:50 Bracer
30:21 Light Cavalry
31:19 Forging
31:14 Scale Barding Armor
33:29 Timurid Siegecraft
33:27 Caravan
34:49 Iron Casting
34:43 Chain Barding Armor
33:56 Hussar
39:26 Plate Barding Armor
39:52 Blast Furnace
38:17 Elite Keshik
39:52 Elite Steppe Lancer
41:30 Heavy Camel Rider
44:17 Masonry
44:14 Siege Engineers
Jaffeth15
8:58 Feudal Age
13:16 Castle Age
11:04 Loom
11:28 Double-Bit Axe
11:51 Horse Collar
15:12 Arson
15:46 Gold Mining
18:22 Wheelbarrow
17:17 Pikeman
18:42 Fletching
20:16 Hand Cart
20:48 Scale Mail Armor
21:55 Chain Mail Armor
26:24 Imperial Age
24:47 Bodkin Arrow
25:06 Forging
25:06 Squires
27:27 Conscription
28:53 Elite Varangian Guard
32:02 Plate Mail Armor
32:55 Elite Skirmisher
33:48 Bodkin Arrow
36:57 Bracer
42:45 Padded Archer Armor
44:05 Ballistics
44:18 Bow Saw
marshall_o18
0:33 Loom
6:38 Feudal Age
13:24 Castle Age
22:12 Imperial Age
22:50 Chemistry
27:54 Squires
30:06 Horse Collar
34:17 Pikeman
34:43 Arson
37:33 Padded Archer Armor
37:23 Fletching
44:05 Town Watch
jp.manhaes94
8:49 Feudal Age
12:24 Castle Age
10:13 Double-Bit Axe
10:11 Horse Collar
13:16 Bow Saw
17:23 Heavy Plow
17:22 Gold Mining
20:25 Wheelbarrow
19:36 Loom
19:41 Town Watch
24:05 Imperial Age
23:11 Gold Shaft Mining
23:31 Hand Cart
25:48 Heavy Scorpion
29:58 Town Patrol
30:23 Double Crossbow
31:26 Chemistry
31:39 Onager
33:31 Siege Engineers
33:47 Ballistics
36:46 Scale Barding Armor
36:52 Forging
36:15 Light Cavalry
36:23 Cavalier
37:15 Bloodlines
37:06 Husbandry
40:30 Chain Barding Armor
41:12 Iron Casting
41:57 Plate Barding Armor
43:37 Blast Furnace
nakasone
9:00 Feudal Age
10:36 Double-Bit Axe
12:58 Castle Age
10:43 Horse Collar
11:48 Stone Mining
11:51 Gold Mining
12:50 Wheelbarrow
15:39 Bow Saw
28:02 Imperial Age
25:19 Loom
25:51 Hand Cart
25:54 Bloodlines
25:45 Husbandry
26:06 Scale Barding Armor
27:08 Chain Barding Armor
27:54 Forging
28:29 Masonry
28:40 Cavalier
29:57 Plate Barding Armor
29:58 Iron Casting
30:03 Savar
37:24 Blast Furnace
36:15 Fletching
36:46 Citadels
36:52 Caravan
40:39 Bodkin Arrow
43:57 Light Cavalry
Connection lost

Rejoining the realm…

Still unreachable

The connection could not be restored.

Session expired

The server has moved on; the page needs a fresh start.